 Dungeon Crawl Stone Soup version 0.25-a0-94-g9e23508adf (webtiles) character file.

Game seed: 11908990418777666905, levelgen mode: deterministic

42 MordorOrchid the Covered (level 3, 0/27 HPs)
             Began as a Demonspawn Wanderer on Nov 11, 2019.
             Slain by an ooze (1 damage)
             ... on level 1 of the Dungeon.
             The game lasted 00:04:27 (1032 turns).

MordorOrchid the Covered (Demonspawn Wanderer)      Turns: 1032, Time: 00:04:28

Health: 0/27       AC:  4    Str: 11    XL:     3   Next: 35%
Magic:  4/4        EV: 11    Int: 13    God:
Gold:   38         SH:  0    Dex: 14    Spells: 1/4 levels left

rFire    . . .     SeeInvis .   a - +0 spear
rCold    . . .     Gourm    .   (no shield)
rNeg     . . .     Faith    .   j - +0 leather armour
rPois    .         Spirit   .   m - +0 helmet
rElec    .         Reflect  .   (no cloak)
rCorr    +         Harm     .   (no gloves)
MR       .....                  (no boots)
Stlth    +.........             (no amulet)
HPRegen  0.09/turn              p - ring of resist corrosion
MPRegen  0.09/turn              (no ring)

@: no status effects
A: hooves 1
a: no special abilities


You were on level 1 of the Dungeon.
You were hungry.

You visited 1 branch of the dungeon, and saw 2 of its levels.

You collected 38 gold pieces.

Inventory:

Hand Weapons
 a - a +0 spear (weapon)
Missiles
 e - 17 poisoned darts (quivered)
 k - 38 stones
Armour
 d - a +0 robe
 j - a +0 leather armour (worn)
 m - a +0 helmet (worn)
Jewellery
 l - an uncursed ring of ice
 p - a ring of resist corrosion (left hand)
Scrolls
 c - a scroll of identify {unknown}
 o - a scroll of enchant weapon {unknown}
 q - a scroll of teleportation {unknown}
Potions
 b - 2 potions of curing
 g - a potion of mutation {unknown}
 h - a potion of lignification {unknown}
 i - a potion of heal wounds {unknown}
 n - 2 potions of brilliance {unknown}
Comestibles
 f - 2 rations
 r - 3 chunks of flesh


   Skills:
 - Level 2.0 Fighting
 - Level 1.7 Polearms
 + Level 2.8 Armour
 - Level 1.0 Dodging
 - Level 1.0 Stealth
 - Level 1.0 Spellcasting
 - Level 1.7 Earth Magic
   Level 1.0 Evocations


You had one spell level left.
You knew the following spells:

 Your Spells              Type           Power        Failure   Level  Hunger
a - Sandblast             Erth           #.....       17%         1    ##.....
w - Passwall              Tmut/Erth      #.......     36%         2    ###....

Your spell library contained the following spells:

 Spells                   Type           Power        Failure   Level  Hunger
 Stone Arrow              Conj/Erth      #.....       58%         3    ####...
 Petrify                  Tmut/Erth      #.......     94%         4    #####..
 Lee's Rapid Deconstruct  Erth           #.........   99%         5    ######.


Dungeon Overview and Level Annotations

Branches:
Dungeon (2/15)

Altars:


Innate Abilities, Weirdness & Mutations

You have large cloven feet.


Message History

The ooze hits you but does no damage.
You barely miss the ooze. You kick the ooze, but do no damage.
The ooze is severely wounded.
The ooze hits you.
* * * LOW HITPOINT WARNING * * *
You barely miss the ooze. You kick the ooze.
The ooze is severely wounded.
The ooze hits you.
* * * LOW HITPOINT WARNING * * *
You hit the ooze but do no damage.
The ooze is severely wounded.
The ooze hits you.
* * * LOW HITPOINT WARNING * * *
You hit the ooze but do no damage.
The ooze is severely wounded.
The ooze hits you but does no damage.
You hit the ooze but do no damage.
The ooze is severely wounded.
The ooze hits you.
You die...

## #.#...#.#######.#
#.....#.#.......#
####..#...#######
#############..#.#.#
.##...#..#<##..#.#.#
#..##.###..##......#
.#.#..#..####....###
..##.#.##..##..J.#
..#.#...##.##..#@#######
.##.###.#.###..####....#
.#.#.###.####..# #.##.#
##.##..###.##..####.##.#
#.##.#...#.##.......##.#
.#.######.###.....#.##.#
..#...#.### #.....#.##.#
.#.###.######.....####.#
...#.#.##..###.#### #.#


You could see an ooze.

Vanquished Creatures
  An adder (D:2)
  2 dart slugs (D:1)
  2 ball pythons
  2 hobgoblins (D:1)
  10 bats
  2 frilled lizards
  5 goblins (D:1)
  3 kobolds (D:1)
  5 rats (D:1)
32 creatures vanquished.

Notes
Turn   | Place    | Note
-------+----------+-------------------------------------------
     0 | D:1      | MordorOrchid the Demonspawn Wanderer began the quest for
                  | the Orb.
     0 | D:1      | MordorOrchid set off with the following items: a +0 spear,
                  | a potion of curing, a +0 robe, a ration; and the following
                  | spell memorised: Sandblast; and the following spells
                  | available to memorise: Passwall, Stone Arrow, Petrify,
                  | Lee's Rapid Deconstruction
     0 | D:1      | Reached XP level 1. HP: 16/16 MP: 2/2
   102 | D:1      | Reached skill level 1 in Armour
   181 | D:1      | Gained mutation: You have large cloven feet. [demonic
                  | ancestry]
   181 | D:1      | Reached XP level 2. HP: 18/22 MP: 3/3
   273 | D:1      | Learned a level 2 spell: Passwall
   937 | D:1      | Reached XP level 3. HP: 27/27 MP: 4/4
  1030 | D:1      | HP: 1/27 [ooze (3)]
  1032 | D:1      | Slain by an ooze

Levels and vault maps discovered:
D:1:      erik_arrival_cave_to_civilisation [erik_arrival_cave_to_hall],
          layout_basic
D:2:      layout_basic, hangedman_decor_growths, minivault_5, minmay_quantized

Skill      XL: |  1  2 |
---------------+-------+-----
Armour         | 1 2 |  2.8
Fighting       | |  2.0
Polearms       | |  1.7
Dodging        | |  1.0
Stealth        | |  1.0
Spellcasting   | |  1.0
Earth Magic    | |  1.7
Evocations     | |  1.0

Action                   || total
-------------------------++-------
Melee: Spear             ||    93
       Kick              ||    14
Throw: Dart              ||    17
 Cast: Sandblast         ||     1
 Stab: Sleeping          ||     3
Armor: Robe              ||     5
       Leather armour    ||    21
Dodge: Dodged            ||    44

Table legend:
 A = Non-vault XP
 B = Vault XP
 C = Vault XP percentage of total XP
 D = Non-vault monster count
 E = Vault monster count
 F = Vault count percentage of total count
                 A         B        C        D         E       F
            +---------+---------+-------+---------+---------+-------
      Total |      57 |       4 |   6.6 |      30 |       2 |   6.2
            +---------+---------+-------+---------+---------+-------
        D:1 |      39 |       4 |   9.3 |      26 |       2 |   7.1
        D:2 |      18 |       0 |   0.0 |       4 |       0 |   0.0
            +---------+---------+-------+---------+---------+-------
